 Dungeon Crawl Stone Soup version 0.25.1-2-g60ff931df9 (webtiles) character file.

Game seed: 2617812672047037285

224 Revguard the Slasher (level 5, -2/63 HPs)
             Began as a Demonspawn Gladiator on Sept 23, 2020.
             Killed from afar by an orc wizard (5 damage)
             ... with a puff of flame
             ... on level 4 of the Dungeon.
             The game lasted 00:12:04 (3044 turns).

Revguard the Slasher (Demonspawn Gladiator)         Turns: 3044, Time: 00:12:04

Health: -2/63      AC: 11    Str: 14    XL:     5   Next: 67%
Magic:  6/6        EV: 12    Int: 10    God:
Gold:   158        SH:  0    Dex: 15    Spells: 4/4 levels left

rFire    . . .     SeeInvis .   a - +0 long sword
rCold    . . .     Gourm    .   (no shield)
rNeg     . . .     Faith    .   h - +0 ring mail (curse)
rPois    +         Spirit   .   c - +0 helmet
rElec    .         Reflect  .   r - +0 cloak
rCorr    .         Harm     .   g - +2 pair of gloves
MR       .....                  (no boots)
Stlth    ..........             (no amulet)
HPRegen  0.20/turn              p - ring of poison resistance
MPRegen  0.10/turn              (no ring)

@: berserking, very quick
A: talons 1, rugged brown scales 1
a: no special abilities


You were on level 4 of the Dungeon.
You were not hungry.

You visited 1 branch of the dungeon, and saw 4 of its levels.

You collected 158 gold pieces.

Inventory:

Hand Weapons
 a - a +0 long sword (weapon)
Missiles
 d - 3 throwing nets (quivered)
Armour
 b - a +0 leather armour
 c - a +0 helmet (worn)
 g - a +2 pair of gloves (worn)
 h - a cursed +0 ring mail (worn)
 r - a +0 cloak (worn)
Jewellery
 p - a ring of poison resistance (left hand)
Wands
 u - a wand of random effects (23)
Scrolls
 j - 2 scrolls of fear
 k - a scroll of blinking
 m - 2 scrolls of enchant armour
 t - a scroll of immolation
 v - a scroll of amnesia
Potions
 e - a potion of invisibility
 l - a potion of might
 n - 2 potions of lignification
Comestibles
 f - 9 rations


   Skills:
 + Level 3.1 Fighting
 + Level 4.4 Long Blades
 - Level 1.7 Throwing
 + Level 1.0 Armour
 + Level 3.3 Dodging
 * Level 1.7 Evocations


You had 4 spell levels left.
You didn't know any spells.
Your spell library was empty.

Dungeon Overview and Level Annotations

Branches:
Dungeon (4/15)
 Temple: D:4-7

Altars:


Innate Abilities, Weirdness & Mutations

You have sharp toenails.
You are partially covered in rugged brown scales. (AC +1, +3% HP)


Message History

The orc wizard is moderately wounded.
The orc wizard casts a cantrip, but nothing happens.
The orc barely misses you.
You riposte.
You slash the orc!
You kill the orc!
You hit the orc wizard.
The orc wizard is heavily wounded.
The orc wizard casts a spell at you. The puff of flame hits you.
* * * LOW HITPOINT WARNING * * *
You closely miss the orc wizard. Your kick misses the orc wizard.
The orc wizard is heavily wounded.
The orc wizard hits you with a +0 dagger.
* * * LOW HITPOINT WARNING * * *
You barely miss the orc wizard.
The orc wizard is heavily wounded.
You completely miss the orc wizard. Your kick misses the orc wizard.
The orc wizard is heavily wounded.
The orc wizard gestures at you while chanting.
The puff of flame hits you.
You die...

#.##. .#
#....###.####
#.........).#
#..........!#
#...........#
#...........#
#...[o).....#
#....@......#
#.....†.....##
#............#
#######......#..#
#....<#.###..# .##
#.#####.###..#....
#.# #.#.......###
#.#####....######
#..........#


You could see an orc wizard.

Vanquished Creatures
  An orc priest (D:4)
  An orc wizard (D:3)
  4 gnolls
  3 adders (D:3)
  2 oozes
  2 worms
  2 leopard geckos
  7 orcs
  4 giant cockroaches
  8 goblins
  8 hobgoblins
  7 jackals
  9 kobolds
  A quokka (D:2)
  9 bats
  3 frilled lizards
  6 rats
77 creatures vanquished.

Notes
Turn   | Place    | Note
-------+----------+-------------------------------------------
     0 | D:1      | Revguard the Demonspawn Gladiator began the quest for the
                  | Orb.
     0 | D:1      | Reached XP level 1. HP: 16/16 MP: 1/1
    73 | D:1      | Reached skill level 3 in Long Blades
    73 | D:1      | Gained mutation: You have sharp toenails. [demonic
                  | ancestry]
    73 | D:1      | Reached XP level 2. HP: 16/22 MP: 2/2
   303 | D:1      | Reached XP level 3. HP: 20/28 MP: 3/3
  1586 | D:2      | Gained mutation: You are partially covered in rugged brown
                  | scales. (AC +1, +3% HP) [demonic ancestry]
  1586 | D:2      | Reached XP level 4. HP: 28/35 MP: 4/4
  2271 | D:3      | Reached skill level 4 in Long Blades
  2271 | D:3      | Reached skill level 1 in Evocations
  2328 | D:3      | Reached XP level 5. HP: 31/41 MP: 5/5
  3037 | D:4      | Reached skill level 1 in Armour
  3041 | D:4      | HP: 3/63 [orc wizard/puff of flame (3)]
  3044 | D:4      | Killed from afar by an orc wizard

Illustrated notes

Levels and vault maps discovered:
D:1:      dpeg_arrival_tiny_g, layout_loops_ring, minmay_octomino_e4
D:2:      layout_loops_ring, uniq_crazy_yiuf_cottage
D:3:      layout_basic, first_ration, kennysheep_donut
D:4:      layout_basic, serial_shops, nicolae_shop_waterfront

Skill      XL: |  1  2  3  4  5 |
---------------+----------------+-----
Long Blades    | 3 4 |  4.4
Dodging        | 3 |  3.3
Evocations     | 1 |  1.7
Fighting       | 3 |  3.1
Armour         | 1 |  1.0
Throwing       | |  1.7

Action                   |  1- 3 |  4- 6 || total
-------------------------+-------+-------++-------
Melee: Long sword        |    82 |   106 ||   188
       Kick              |    22 |    27 ||    49
  Use: Scroll            |       |    12 ||    12
       Potion            |       |     3 ||     3
  Eat: Chunk             |     2 |     5 ||     7
Armor: Leather armour    |     4 |       ||     4
       Ring mail         |    37 |    90 ||   127
Dodge: Dodged            |    74 |    86 ||   160
       Rpst.: Long sword |    27 |    31 ||    58
